 Dungeon Crawl Stone Soup version 0.22.0-38-g04b72b8 (webtiles) character file.

11983 Folque the Arsonist (level 11, -16/86 HPs)
             Began as a Naga Wizard on Aug 29, 2018.
             Was an Elder of Sif Muna.
             Demolished by a white ugly thing (22 damage)
             ... on level 11 of the Dungeon on Aug 31, 2018.
             The game lasted 01:40:19 (11935 turns).

Folque the Arsonist (Naga Wizard)                  Turns: 11935, Time: 01:40:20

Health: -16/86     AC: 12    Str: 11    XL:     11   Next: 86%
Magic:  4/24       EV: 11    Int: 24    God:    Sif Muna [****..]
Gold:   549        SH:  0    Dex:  9    Spells: 10/28 levels left

rFire    . . .     SeeInvis +   c - +7 great sword
rCold    . . .     Gourm    .   (shield currently unavailable)
rNeg     + . .     Faith    +   a - +2 robe
rPois    +         Spirit   .   x - +2 helmet {Int+3}
rElec    .         Reflect  .   D - scarf {cloud immunity}
rCorr    .         Harm     .   y - +2 pair of gloves
MR       ++...                  (no barding)
Stlth    ++........             o - amulet of faith
HPRegen  0.24/turn              P - ring of positive energy
MPRegen  0.19/turn              f - ring of protection from magic

@: very slow
A: large, see invisible, deformed body, poison resistance, slowness 2, slow
metabolism 1, spit poison 1, AC +3
a: Spit Poison, Divine Energy, Channel Magic, Forget Spell, Renounce Religion


You were on level 11 of the Dungeon.
You worshipped Sif Muna.
Sif Muna was greatly pleased with you.
You were not hungry.

You visited 3 branches of the dungeon, and saw 13 of its levels.

You collected 549 gold pieces.

Inventory:

Hand Weapons
 c - a +7 great sword (weapon)
 K - a +3 halberd
 L - a +2 long sword of flaming
Armour
 a - a +2 robe (worn)
 b - a +0 hat
 g - a scarf of spirit shield
 q - a +2 scale mail of magic resistance
 x - a +2 helmet of intelligence (worn)
 y - a +2 pair of gloves (worn)
 D - a scarf of cloud immunity (worn)
 J - the +7 chain mail of the Tundras {rC++ rN+ Dex+3}
   (You found it on level 8 of the Dungeon)

   It affects your dexterity (+3).
   It greatly protects you from cold.
   It protects you from negative energy.
Jewellery
 f - a ring of protection from magic (right hand)
 o - an amulet of faith (around neck)
 I - an uncursed amulet of guardian spirit
 P - a ring of positive energy (left hand)
Wands
 v - a wand of polymorph (12)
 z - a wand of flame (14)
 A - a wand of disintegration (12)
 O - a wand of digging (7)
Scrolls
 h - a scroll of teleportation
 k - 6 scrolls of remove curse
 l - 2 scrolls of identify
 n - a scroll of brand weapon {unknown}
 B - a scroll of fear
 G - 2 scrolls of enchant armour
Potions
 e - 2 potions of might {unknown}
 i - 3 potions of flight {unknown}
 j - 4 potions of lignification
 m - 2 potions of curing
 p - a potion of agility {unknown}
 t - 2 potions of heal wounds {unknown}
 w - 2 potions of brilliance {unknown}
 H - a potion of resistance {unknown}
Miscellaneous
 N - a fan of gales (inert)
Comestibles
 d - 17 rations


   Skills:
 - Level 2.1 Fighting
 - Level 4.2 Dodging
 - Level 4.0 Stealth
 + Level 9.0 Spellcasting
 - Level 10.1 Conjurations
 * Level 4.6 Summonings
 - Level 1.0 Translocations
 - Level 10.2 Fire Magic
 - Level 1.0 Air Magic
 - Level 2.0 Poison Magic


You had 10 spell levels left.
You knew the following spells:

 Your Spells              Type           Power        Failure   Level  Hunger
a - Magic Dart            Conj           ####         1%          1    None
b - Call Imp              Summ           ####....     1%          2    None
c - Blink                 Tloc           N/A          6%          2    None
d - Mephitic Cloud        Conj/Pois/Air  ####....     3%          3    None
e - Conjure Flame         Conj/Fire      ######..     1%          3    None
f - Flame Tongue          Conj/Fire      #####        1%          1    None
g - Bolt of Fire          Conj/Fire      ######....   14%         6    ######.

Your spell library contained the following spells:

 Spells                   Type           Power        Failure   Level  Hunger
 Slow                     Hex            ##......     9%          2    None
 Cause Fear               Hex            ##........   50%         4    ##.....
 Dragon Form              Tmut           ##........   100%        7    #######
 Dragon's Call            Summ           ####......   100%        9    #######


Dungeon Overview and Level Annotations

Branches:
Dungeon (11/15)            Temple (1/1) D:5            Lair (1/6) D:9
    Orc (0/2) D:9

Altars:
Ashenzari
Cheibriados
Dithmenos
Elyvilon
Fedhas
Gozag
Hepliaklqana
Kikubaaqudgha
Makhleb
Nemelex Xobeh
Okawaru
Qazlal
Ru
Sif Muna
Trog
Uskayaw
Vehumet
Wu Jian
Xom
Yredelemnul
Zin
The Shining One

Shops:
D:4 *   D:5 *   D:6 (   D:9 *   D:10 (

Annotations:
D:6 2 transporters, Bearstalker's ghost, novice MiFi


Innate Abilities, Weirdness & Mutations

You cannot wear boots.
Your serpentine skin is tough. (AC +3)
You have supernaturally acute eyesight. (SInv)
Armour fits poorly on your strangely shaped body.
Your system is resistant to poisons. (rPois)
You cover ground very slowly.
You have a slow metabolism.
You can spit poison.


Message History

You don't have enough magic to cast that spell.
The white ugly thing bites you but does no damage.
You see here a large rock.
Casting: Bolt of Fire (slightly dangerous; 14% risk of failure)
Confirm with . or Enter, or press ? or * to list all spells.
Aiming: Conjure Flame (safe; 1% risk of failure)
Press: ? - help, Dir - move target cursor, p - white ugly thing The fire ignites!
The white ugly thing bites you but does no damage.
You slash the white ugly thing!
The white ugly thing is heavily wounded.
The white ugly thing is engulfed in blazing flames.
The white ugly thing bites you! The white ugly thing freezes you!!
* * * LOW HITPOINT WARNING * * *
You feel better.
The white ugly thing is engulfed in blazing flames.
The white ugly thing bites you!
* * * LOW HITPOINT WARNING * * *
The white ugly thing freezes you!!
You die...

#....#....<..##.........
#
#....###.#.#.##..(......
# ###### #.#...
#......... # ####.#
..##......... #....#
.###(........ #....#
#...######## #....#
#(### ##...####u#
#.?....@.# #..#######
##...##### #........#
#.#......# #.#......####
#.#.........#
#.#.........#
#.#.####.(..#


You could see a white ugly thing.

Vanquished Creatures
  3 two-headed ogres
  Pikel (D:6)
  A deep elf mage (D:10)
  A cyclops (D:11)
  Maurice (D:8)
  2 tengu conjurers (D:10)
  2 trolls
  Grinder (D:6)
  A hippogriff (D:7)
  18 yaks
  A porcupine (D:9)
  4 orc warriors
  An ice beast (D:8)
  2 sky beasts
  2 slaves (D:6)
  2 black bears
  8 ogres
  A phantom (D:5)
  2 centaurs
  Blork the orc (D:4)
  2 big kobolds (D:10)
  4 bullfrogs
  A gnoll sergeant (D:8)
  3 scorpions
  17 killer bees
  13 wights
  A howler monkey (D:7)
  A centaur zombie (D:8)
  4 jellies
  6 hounds
  3 orc priests
  2 bullfrog skeletons
  Ijyb (D:5)
  2 orc wizards
  5 iguanas
  4 worker ants
  A killer bee zombie (D:8)
  A worker ant zombie (D:10)
  Robin (D:3)
  13 adders
  7 gnolls
  4 shadow imps
  5 oozes (D:9)
  3 adder zombies
  3 adder skeletons
  2 worms
  11 leopard geckos
  29 orcs
  3 ball pythons
  3 giant cockroaches
  12 goblins
  7 hobgoblins
  12 jackals
  4 quokkas
  9 bats
  9 frilled lizards
  13 kobolds
  A leopard gecko skeleton (D:4)
  13 rats
  A plant (D:9)
291 creatures vanquished.

Vanquished Creatures (collateral kills)
  2 water moccasins (D:4)
  A killer bee (D:9)
  A killer bee zombie (D:2)
  An adder (D:10)
  2 gnolls (D:5)
  3 worms (D:2)
  2 orcs (D:3)
  2 hobgoblins (D:1)
  3 jackals (D:1)
  A bat (D:1)
  A goblin (D:1)
  A kobold (D:1)
20 creatures vanquished.

Vanquished Creatures (others)
  A slave (D:6)
  A hound (D:6)
  An orc (D:6)
  4 fungi (D:9)
7 creatures vanquished.

Grand Total: 318 creatures vanquished

Notes
Turn   | Place    | Note
-------+----------+-------------------------------------------
     0 | D:1      | Folque the Naga Wizard began the quest for the Orb.
     0 | D:1      | Reached XP level 1. HP: 15/15 MP: 4/4
   178 | D:1      | Reached XP level 2. HP: 22/24 MP: 4/6
   184 | D:1      | Reached skill level 1 in Fighting
   188 | D:1      | Learned a level 2 spell: Call Imp
   191 | D:1      | Learned a level 2 spell: Blink
   527 | D:1      | HP: 1/25 [hobgoblin (5)]
   899 | D:1      | Reached XP level 3. HP: 32/32 MP: 3/7
   904 | D:1      | Learned a level 3 spell: Mephitic Cloud
  1914 | D:2      | Reached skill level 1 in Poison Magic
  1914 | D:2      | Reached XP level 4. HP: 39/39 MP: 5/9
  2835 | D:3      | Found a faded altar of an unknown god.
  2960 | D:3      | Reached skill level 1 in Air Magic
  2996 | D:3      | Found an ancient bone altar of Kikubaaqudgha.
  3001 | D:3      | Reached XP level 5. HP: 43/45 MP: 10/10
  3006 | D:3      | Noticed Robin
  3026 | D:3      | Killed Robin
  3586 | D:4      | Noticed Blork the orc
  3609 | D:4      | Killed Blork the orc
  3609 | D:4      | Reached XP level 6. HP: 52/52 MP: 6/12
  3625 | D:4      | Found Lequr's Serpentskin Sales.
  3625 | D:4      | Noticed a water moccasin
  3625 | D:4      | Noticed a water moccasin
  3636 | D:4      | Killed a water moccasin
  3644 | D:4      | Killed a water moccasin
  3808 | D:4      | Reached skill level 5 in Spellcasting
  3808 | D:4      | Reached XP level 7. HP: 40/60 MP: 6/14
  4102 | D:4      | Noticed a moth of wrath
  4105 | D:4      | Found a bloodstained altar of Trog.
  4177 | D:5      | Entered Level 5 of the Dungeon
  4178 | D:5      | Noticed Ijyb
  4197 | D:5      | Killed Ijyb
  4346 | D:5      | Found Gozag's Platinum Reserve.
  4354 | D:5      | Found an opulent altar of Gozag.
  4405 | D:5      | Learned a level 3 spell: Conjure Flame
  4407 | D:5      | Learned a level 1 spell: Flame Tongue
  4447 | D:5      | Found a staircase to the Ecumenical Temple.
  4453 | Temple   | Entered the Ecumenical Temple
  4846 | D:5      | Reached skill level 1 in Fire Magic
  4938 | D:5      | Found a sparkling altar of Nemelex Xobeh.
  5055 | D:5      | Reached skill level 5 in Conjurations
  5058 | D:5      | Reached XP level 8. HP: 54/67 MP: 0/15
  5534 | D:5      | Found a shattered altar of Ashenzari.
  5721 | D:6      | Found a hide-covered altar of Uskayaw.
  5925 | D:6      | Found a transporter.
  5928 | D:6      | Noticed Bearstalker's ghost (novice MiFi)
  6133 | D:6      | Noticed Grinder
  6137 | D:6      | Noticed Pikel
  6147 | D:6      | Paralysed by Grinder for 2 turns
  6149 | D:6      | Killed Grinder
  6189 | D:6      | Killed Pikel
  6189 | D:6      | Reached XP level 9. HP: 46/73 MP: 3/19
  6291 | D:6      | Found a transporter.
  6483 | D:6      | Found Putugg's Weapon Emporium.
  6602 | D:6      | Learned a level 6 spell: Bolt of Fire
  6653 | D:7      | Found a snail-covered altar of Cheibriados.
  6727 | D:7      | Reached skill level 5 in Fire Magic
  6788 | D:7      | Found a bloodstained altar of Trog.
  7519 | D:8      | Noticed Maurice
  7659 | D:8      | Noticed a two-headed ogre
  7699 | D:8      | Reached XP level 10. HP: 31/80 MP: 2/21
  7849 | D:8      | Killed a two-headed ogre
  7887 | D:8      | Killed Maurice
  8221 | D:8      | Got an ichor-stained chain mail
  8452 | D:8      | Found a deep blue altar of Sif Muna.
  8458 | D:8      | Became a worshipper of Sif Muna the Loreminder
  8507 | D:9      | Found a staircase to the Orcish Mines.
  8884 | D:9      | Reached * piety under Sif Muna
  8977 | D:9      | Noticed a two-headed ogre
  8998 | D:9      | Killed a two-headed ogre
  9050 | D:9      | Found a staircase to the Lair.
  9210 | D:9      | Found Legayx's General Store.
  9336 | Lair:1   | Entered Level 1 of the Lair of Beasts
  9343 | Lair:1   | Reached skill level 10 in Fire Magic
  9390 | D:10     | Entered Level 10 of the Dungeon
  9472 | D:10     | Noticed a deep elf mage
  9502 | D:10     | Reached ** piety under Sif Muna
  9506 | D:10     | Killed a deep elf mage
  9506 | D:10     | Reached skill level 10 in Conjurations
  9506 | D:10     | Reached XP level 11. HP: 66/86 MP: 3/22
  9798 | D:9      | Identified the +7 chain mail of the Tundras {rC++ rN+ Dex+3} (You found it on level 8 of the Dungeon)
 10375 | D:10     | Reached *** piety under Sif Muna
 10611 | D:10     | Found Modecehe's Antique Weapon Boutique.
 10757 | D:10     | Noticed a two-headed ogre
 10813 | D:10     | Killed a two-headed ogre
 11517 | D:10     | Reached **** piety under Sif Muna
 11904 | D:11     | Noticed a cyclops
 11922 | D:11     | Killed a cyclops
 11925 | D:11     | Noticed a white ugly thing
 11934 | D:11     | HP: 3/86 [white ugly thing (32)]
 11935 | D:11     | Demolished by a white ugly thing

Skill      XL: |  1  2  3  4  5  6  7  8  9 10 11 |
---------------+----------------------------------+-----
Fighting       | 1 2 |  2.1
Poison Magic   | 1 2 |  2.0
Conjurations   | 2 3 5 7 8 10 | 10.1
Stealth        | 4 |  4.0
Air Magic      | 1 |  1.0
Spellcasting   | 4 5 7 9 |  9.0
Dodging        | 2 4 |  4.2
Fire Magic     | 2 4 6 10 | 10.2
Summonings     | 4 |  4.6
Translocations | |  1.0

Action                   |  1- 3 |  4- 6 |  7- 9 | 10-12 || total
-------------------------+-------+-------+-------+-------++-------
Melee: Dagger            |    90 |    14 |       |       ||   104
       Unarmed           |     3 |       |       |       ||     3
       Hand axe          |       |   114 |    25 |       ||   139
       Short sword       |       |       |   334 |       ||   334
       Trident           |       |       |    10 |     5 ||    15
       Great sword       |       |       |       |   125 ||   125
       Halberd           |       |       |       |     5 ||     5
 Cast: Magic Dart        |    40 |    27 |    75 |    72 ||   214
       Call Imp          |     8 |    14 |     9 |    10 ||    41
       Mephitic Cloud    |       |     6 |    30 |    44 ||    80
       Flame Tongue      |       |       |    93 |   130 ||   223
       Conjure Flame     |       |       |    12 |    23 ||    35
       Blink             |       |       |     3 |     1 ||     4
       Bolt of Fire      |       |       |       |    16 ||    16
Invok: Divine Energy     |       |       |       |     3 ||     3
       Stop Divine Energ |       |       |       |     3 ||     3
 Abil: Spit Poison       |     1 |       |       |     1 ||     2
Evoke: Wand              |       |       |     3 |     2 ||     5
       Fan of gales      |       |       |       |     1 ||     1
  Use: Scroll            |       |     5 |     3 |    16 ||    24
       Potion            |       |       |     1 |     2 ||     3
 Stab: Sleeping          |    13 |     9 |     2 |     2 ||    26
       Confused          |       |     2 |     6 |     3 ||    11
       Distracted        |       |       |     1 |     1 ||     2
  Eat: Chunk             |     2 |     7 |    10 |     9 ||    28
       Ration            |       |       |       |     4 ||     4
Armor: Robe              |    28 |    45 |   110 |    77 ||   260
Dodge: Dodged            |    66 |    79 |   146 |   113 ||   404
       Rpst.: Great sword |       |       |       |    32 ||    32
